 Dungeon Crawl Stone Soup version 0.31-a0-345-g1ebeae05c6 (webtiles) character file.

Game seed: 8915411714927219013

116958 RepHenryClay the Nimble (level 16, -11/130 HPs)
             Began as a Gnoll Monk on July 23, 2023.
             Was a High Priest of Okawaru.
             Mangled by a radroach (37 damage)
             ... on level 3 of the Lair of Beasts.
             The game lasted 01:14:23 (26268 turns).

RepHenryClay the Nimble (Gnoll Monk)               Turns: 26268, Time: 01:14:23

Health: -11/130    AC: 17    Str: 13 (14) XL:     16   Next: 72%
Magic:  40/40      EV: 17    Int: 20      God:    Okawaru [*****.]
Gold:   1428       SH:  0    Dex:  9 (16) Spells: 27/37 levels left

rFire   + + .        a - +8 demon whip of Ypsuf {venom, Will++ rCorr MP+9 Dex-3}
rCold   + . .        d - orb {light}
rNeg    . . .        Q - +2 scale mail {rF+}
rPois   +            J - +1 helmet {Int+3}
rElec   .            t - scarf {+Inv}
rCorr   +            K - +1 pair of gloves of Okawaru's Esteem {rPois rC+ Will+}
SInv    .            u - +0 pair of boots
Will    ++++.        x - amulet of regeneration
Stlth   ++           D - ring "Yhyt" {rF+ Int+7}
HPRegen 1.21/turn    Y - +5 ring of evasion
MPRegen 0.27/turn

%: no passive effects
@: contaminated, glowing
A: fangs 1, strong nose, distributed training
a: Renounce Religion, Evoke Invisibility, Heroism, Finesse, Duel


You were on level 3 of the Lair of Beasts.
You worshipped Okawaru.
Okawaru was extremely pleased with you.
You visited 5 branches of the dungeon, and saw 24 of its levels.
You also visited: Bailey, Gauntlet and Ice Cave.

You collected 1946 gold pieces.
You spent 518 gold pieces at shops.

Inventory:

Hand Weapons
 a - the +8 demon whip of Ypsuf (weapon) {venom, Will++ rCorr MP+9 Dex-3}
   (You acquired it on level 3 of the Lair of Beasts)

   Dex:       It affects your dexterity (-3).
   MP:        It affects your magic capacity (+9).
   rCorr:     It protects you from acid and corrosion.
   Will:      It greatly increases your willpower.
 H - a +4 scimitar of flaming
 M - the +8 great sword of the Pariah {vamp, rCorr}
   (You found it in a Gauntlet)

   rCorr:     It protects you from acid and corrosion.
 N - a +2 rapier of electrocution
 T - a +1 antimagic demon trident
Missiles
 A - 5 silver javelins
 X - 2 curare-tipped darts
Armour
 d - an orb of light (worn)
 f - the scarf "Duwy" {rC+ rF+, Str+2 Stlth+}
   (Okawaru gifted it to you on level 1 of the Orcish Mines)

   Str:       It affects your strength (+2).
   Stlth:     It makes you more stealthy.
 l - a +1 cloak of poison resistance
 r - a +2 cloak of cold resistance
 t - a scarf of invisibility (worn)
 u - a +0 pair of boots (worn)
 G - a scarf of repulsion
 J - a +1 helmet of intelligence (worn)
 K - the +1 pair of gloves of Okawaru's Esteem (worn) {rPois rC+ Will+}
   (Okawaru gifted it to you on level 8 of the Dungeon)

   rC:        It protects you from cold.
   rPois:     It protects you from poison.
   Will:      It increases your willpower.
 O - a +0 buckler
 Q - a +2 scale mail of fire resistance (worn)
 U - a +3 chain mail of willpower
Magical Staves
 v - the staff "Meibic" {rF+ Dex+3 Fire}
   (You found it on level 7 of the Dungeon)

   [staff of fire]

   Base accuracy: +5 Base damage: 5 Base attack delay: 1.2 This weapon's minimum
   attack delay (0.6) is reached at skill level 12.
   Dex:       It affects your dexterity (+3).
   rF:        It protects you from fire.
   Fire:      It increases the power of your Fire spells.
   It falls into the 'Staves' category.
   It is a one-handed weapon.
Jewellery
 x - an amulet of regeneration (around neck)
 D - the ring "Yhyt" (left hand) {rF+ Int+7}
   (You found it in a Gauntlet)

   [ring of protection from fire]

   Int:       It affects your intelligence (+7).
   rF:        It protects you from fire.
 I - a ring of protection from fire
 Y - a +5 ring of evasion (right hand)
 Z - a ring of wizardry
Wands
 e - a wand of digging (5)
 q - a wand of paralysis (16)
 z - a wand of roots (36)
 F - a wand of light (21)
Scrolls
 h - 6 scrolls of enchant armour
 i - 4 scrolls of enchant weapon
 m - 2 scrolls of torment
 o - 2 scrolls of blinking
 s - 4 scrolls of teleportation
 y - 4 scrolls of fog
 C - 4 scrolls of amnesia
 S - 2 scrolls of vulnerability
 V - a scroll of poison
Potions
 b - 4 potions of haste
 c - 2 potions of ambrosia
 g - 4 potions of mutation
 j - a potion of cancellation
 k - 5 potions of curing
 n - 3 potions of resistance
 p - 4 potions of enlightenment
 w - 2 potions of brilliance
 B - 5 potions of might
 E - a potion of attraction
 L - 4 potions of heal wounds
 P - 4 potions of magic
Miscellaneous
 R - a sack of spiders


   Skills:
 + Level 13.0 Fighting
 + Level 11.3 Short Blades
 + Level 11.3 Long Blades
 + Level 11.3 Axes
 + Level 13.0 Maces & Flails
 + Level 11.3 Polearms
 + Level 11.3 Staves
 + Level 11.3 Ranged Weapons
 + Level 11.3 Throwing
 + Level 11.3 Armour
 + Level 13.0 Dodging
 + Level 11.3 Stealth
 + Level 11.3 Shields
 + Level 11.3 Unarmed Combat
 + Level 11.3 Spellcasting
 + Level 9.5 Conjurations
 + Level 9.5 Hexes
 + Level 9.5 Summonings
 + Level 9.5 Necromancy
 + Level 9.5 Translocations
 + Level 9.5 Transmutations
 + Level 9.5 Fire Magic
 + Level 9.5 Ice Magic
 + Level 9.5 Air Magic
 + Level 9.5 Earth Magic
 + Level 9.5 Poison Magic
 + Level 12.3 Invocations
 + Level 11.3 Evocations
 + Level 9.5 Shapeshifting


You had 27 spell levels left.
You knew the following spells:

 Your Spells              Type           Power      Damage    Failure   Level
a - Mephitic Cloud        Conj/Pois/Air  49%        N/A       1%          3
b - Blink                 Tloc           98%        N/A       1%          2
c - Lesser Beckoning      Tloc           98%        N/A       1%          2
d - Volatile Blastmotes   Fire/Tloc      98%        2d18      1%          3

Your spell library contained the following spells:

 Spells                   Type           Power      Damage    Failure   Level
 Magic Dart               Conj           100%       1d8       1%          1
 Sandblast                Erth           98%        2d20      1%          1
 Slow                     Hex            100%       N/A       1%          1
 Momentum Strike          Conj/Tloc      98%        3d10      1%          2
 Passwall                 Tmut/Erth      40%        N/A       1%          2
 Searing Ray              Conj           98%        2d8       1%          2
 Wereblood                Tmut           49%        N/A       1%          2
 Confusing Touch          Hex            49%        N/A       1%          3
 Dazzling Flash           Conj/Hex       98%        N/A       1%          3
 Ozocubu's Armour         Ice            49%        N/A       1%          3
 Stone Arrow              Conj/Erth      98%        3d13      1%          3
 Vampiric Draining        Necr           49%        2d9       1%          3
 Anguish                  Hex/Necr       24%        N/A       4%          4
 Cause Fear               Hex            24%        N/A       4%          4
 Fulminant Prism          Conj/Hex       24%        3d12      4%          4
 Passage of Golubria      Tloc           49%        N/A       4%          4
 Irradiate                Conj/Tmut      24%        3d19      11%         5
 Yara's Violent Unravell  Hex/Tmut       24%        3d11      11%         5
 Starburst                Conj/Fire      24%        6d8       52%         6
 Enfeeble                 Hex            24%        N/A       98%         7
 Ozocubu's Refrigeration  Ice            24%        4d12      98%         7
 Maxwell's Capacitive Co  Air            24%        ∞         100%        8
 Call Imp                 Summ           Unusable   N/A       N/A         2
 Tukima's Dance           Hex            Unusable   N/A       N/A         3

Dungeon Overview and Level Annotations

Branches:
Dungeon (15/15)            Temple (1/1) D:4            Lair (5/5) D:9
 Shoals (0/4) Lair:3       Spider (1/4) Lair:3        Slime (0/5) Lair:5
    Orc (2/2) D:10            Elf (0/3) Orc:2        Vaults (0/5) D:13
 Depths (0/4) D:15         Bailey (visited)           IceCv (visited)
Gauntlet (visited)

Altars:
Ashenzari
Cheibriados
Dithmenos
Elyvilon
Fedhas
Gozag
Hepliaklqana
Kikubaaqudgha
Makhleb
Nemelex Xobeh
Okawaru
Qazlal
Ru
Sif Muna
Trog
Uskayaw
Vehumet
Wu Jian
Xom
Yredelemnul
Zin
The Shining One

Shops:
D:3 ?   D:6 ?   D:12 !   D:13 *   Orc:2 *!*(:

Annotations:
Lair:5 exclusion: 2 oklob plants


Innate Abilities, Weirdness & Mutations

You have very sharp teeth.
Your uncanny sense of smell can sniff out nearby items.
Your experience applies equally to all skills.


Message History

Unknown command.
You whack the radroach!
The radroach is moderately wounded.
You hit the radroach but do no damage.
The radroach is poisoned.
The radroach is moderately wounded.
The radroach bites you! The radroach completely misses you.
Damage: -10%(-13hp) hp: 70%(90hp)
You hit the radroach but do no damage.
The radroach looks as sick as possible!
You bite the radroach, but do no damage.
The radroach is moderately wounded.
You hit the radroach but do no damage.
The radroach looks as sick as possible!
The radroach is moderately wounded.
The radroach barely misses you. The radroach closely misses you.
Okay, then.
Unknown command.
You hit the radroach but do no damage.
The radroach looks as sick as possible!
The radroach is moderately wounded.
You whack the radroach!
The radroach looks as sick as possible!
The radroach is moderately wounded.
The radroach erupts in a fountain of uncontrolled magic!
You are blasted with magical radiation!!!
You are lightly contaminated with residual magic.
You whack the radroach!
The radroach looks as sick as possible!
The radroach is heavily wounded.
Huge Dmg: -26%(-35hp) hp: 44%(56hp)
You hit the radroach but do no damage.
The radroach looks as sick as possible!
The radroach is heavily wounded.
The radroach erupts in a fountain of uncontrolled magic!
You are blasted with magical radiation!!
* * * LOW HITPOINT WARNING * * *
You are contaminated with residual magic.
You whack the radroach!
The radroach is severely wounded.
Huge Dmg: -24%(-30hp) hp: 20%(26hp)
You hit the radroach.
You bite the radroach, but do no damage.
The radroach is severely wounded.
The radroach erupts in a fountain of uncontrolled magic!
You are blasted with magical radiation!!!
You die...

### ###.## ######
######P####.#..###PP#.####
.#....(............P...#.##
..........................##
.P.........##..##.#.#..##..#
#..............#...#...#..##
#......................#..##
...........................#
.............#...@..###.#.##
..................B..#..#†###
..........#..#.).....#......#
...........................##
........###...###.###......#
#######.# #....#...#.......##
♣♣ ♣≈♣### ####.#......PP...P#
~♣♣♣≈♣# #.......##....##
♣♣♣P~.# ##...#........#


You could see a radroach (extremely poisoned).

Vanquished Creatures
  Saint Roka (Orc:1)
  A ghost moth (Lair:3)
  A cacodemon (Gauntlet)
  Nessos (Lair:4)
  A spark wasp (Spider:1)
  A dire elephant (D:15)
  A minotaur (Gauntlet)
  Snorg (Orc:1)
  3 entropy weavers (Lair:3)
  8 hydras
  An ogre mage (D:15)
  Erica (D:10)
  A merfolk avatar (Lair:5)
  7 two-headed ogres
  8 vault guards
  5 centaur warriors
  2 tengu warriors (D:13)
  6 death yaks
  3 orc high priests
  A demonic crawler (Lair:3)
  Urug (Orc:1)
  A skyshark (Lair:5)
  Lodul (D:13)
  3 pharaoh ants
  An orb spider (Spider:1)
  A sea snake (Lair:5)
  A steelbarb worm (Spider:1)
  A bog body (IceCv)
  A necromancer (IceCv)
  A harpy (Lair:5)
  8 orc knights
  4 wolf spiders
  7 orc sorcerers
  5 deep elf pyromancers
  11 manticores
  A salamander (D:15)
  17 elephants
  4 cyclopes
  8 ugly things
  2 torpor snails
  2 vault sentinels (D:14)
  A gargoyle (D:12)
  2 ice statues (IceCv)
  9 black mambas
  18 cane toads
  An unseen horror (D:12)
  5 rime drakes
  15 komodo dragons
  An efreet (D:15)
  5 ice devils (IceCv)
  3 tengu conjurers (D:13)
  4 wind drakes
  4 polar bears
  8 tarantellas
  2 hornets
  5 blink frogs
  A snapping turtle (Lair:5)
  16 dream sheep
  7 jumping spiders
  5 slime creatures
  3 culicivoras
  Sigmund (D:6)
  A shadow (D:11)
  41 yaks
  4 wraiths
  2 basilisks
  11 wyverns
  4 steam dragons
  3 vampire mosquitoes (D:11)
  11 redbacks
  A warg (Orc:2)
  A harpy simulacrum (IceCv)
  3 acid dragons
  17 water moccasins
  2 ice beasts
  35 orc warriors
  2 black bears
  15 ogres
  20 centaurs
  13 wolves
  2 phantoms (D:6)
  16 bullfrogs
  2 kobold brigands
  2 scorpions
  A cane toad simulacrum (IceCv)
  8 wights
  An elephant simulacrum (IceCv)
  3 killer bees (D:8)
  4 electric eels
  4 howler monkeys
  A lava snake (Lair:5)
  4 hounds
  14 orc priests
  A jelly (Gauntlet)
  2 sleepcaps
  18 orc wizards
  3 iguanas
  A troll simulacrum (IceCv)
  A polar bear simulacrum (IceCv)
  A wolf simulacrum (IceCv)
  7 gnolls
  13 adders
  2 shadow imps
  17 white imps
  2 ufetubi
  A worm (D:3)
  4 dart slugs
  65 orcs
  5 bats
  2 endoplasms
  5 giant cockroaches
  5 goblins
  7 hobgoblins
  5 jackals
  23 kobolds
  3 quokkas
  7 ball pythons
  2 frilled lizards
  5 rats
706 creatures vanquished.

Vanquished Creatures (others)
  A water moccasin (Lair:5)
  An orc priest (Orc:2)
  An orc wizard (Orc:2)
  2 orcs (Orc:1)
5 creatures vanquished.

Grand Total: 711 creatures vanquished

Notes
Turn   | Place    | Note
-------+----------+-------------------------------------------
     0 | D:1      | RepHenryClay the Gnoll Monk began the quest for the Orb.
     0 | D:1      | Reached XP level 1. HP: 23/23 MP: 1/1
   239 | D:1      | Reached XP level 2. HP: 29/29 MP: 2/2
   674 | D:1      | Reached XP level 3. HP: 34/35 MP: 3/3
   956 | D:1      | Reached skill level 1 in Invocations
  1036 | D:1      | Reached skill level 1 in Short Blades
  1036 | D:1      | Reached skill level 1 in Long Blades
  1036 | D:1      | Reached skill level 1 in Axes
  1036 | D:1      | Reached skill level 1 in Polearms
  1036 | D:1      | Reached skill level 1 in Staves
  1036 | D:1      | Reached skill level 1 in Ranged Weapons
  1036 | D:1      | Reached skill level 1 in Throwing
  1036 | D:1      | Reached skill level 1 in Armour
  1036 | D:1      | Reached skill level 1 in Stealth
  1036 | D:1      | Reached skill level 1 in Shields
  1036 | D:1      | Reached skill level 1 in Unarmed Combat
  1036 | D:1      | Reached skill level 1 in Spellcasting
  1036 | D:1      | Reached skill level 1 in Evocations
  1054 | D:1      | Reached XP level 4. HP: 31/41 MP: 5/5
  1063 | D:1      | Reached skill level 1 in Conjurations
  1063 | D:1      | Reached skill level 1 in Hexes
  1063 | D:1      | Reached skill level 1 in Summonings
  1063 | D:1      | Reached skill level 1 in Necromancy
  1063 | D:1      | Reached skill level 1 in Translocations
  1063 | D:1      | Reached skill level 1 in Transmutations
  1063 | D:1      | Reached skill level 1 in Fire Magic
  1063 | D:1      | Reached skill level 1 in Ice Magic
  1063 | D:1      | Reached skill level 1 in Air Magic
  1063 | D:1      | Reached skill level 1 in Earth Magic
  1063 | D:1      | Reached skill level 1 in Poison Magic
  1063 | D:1      | Reached skill level 1 in Shapeshifting
  1237 | D:2      | Reached XP level 5. HP: 31/47 MP: 5/7
  1682 | D:2      | Found a faded altar of an unknown god.
  2180 | D:3      | Learned a level 3 spell: Mephitic Cloud
  2238 | D:3      | Found Rimet's Magic Scroll Shop.
  2241 | D:3      | Bought a scroll of identify for 22 gold pieces
  2241 | D:3      | Bought a scroll of teleportation for 33 gold pieces
  2241 | D:3      | Bought a scroll of enchant armour for 82 gold pieces
  2241 | D:3      | Bought a scroll of teleportation for 33 gold pieces
  2613 | D:4      | Found an ancient bone altar of Kikubaaqudgha.
  2644 | D:4      | Reached XP level 6. HP: 53/53 MP: 8/8
  2752 | D:4      | Learned a level 2 spell: Blink
  2755 | D:4      | Learned a level 2 spell: Lesser Beckoning
  2842 | D:4      | Found a staircase to the Ecumenical Temple.
  2874 | D:4      | Found a large runed translucent door.
  2905 | Temple   | Entered the Ecumenical Temple
  2912 | Temple   | Became a worshipper of Warmaster Okawaru
  2912 | Temple   | Reached * piety under Okawaru
  2912 | Temple   | Reached ** piety under Okawaru
  3005 | D:4      | Found a large runed translucent door.
  3175 | D:4      | Found a hazy altar of Hepliaklqana.
  3178 | D:4      | Found a hide-covered altar of Uskayaw.
  3237 | D:5      | Entered Level 5 of the Dungeon
  3237 | D:5      | Noticed a water moccasin
  3251 | D:5      | Killed a water moccasin
  3423 | D:5      | Reached XP level 7. HP: 53/59 MP: 10/10
  3534 | D:5      | Found a glowing golden altar of the Shining One.
  3534 | D:5      | Found a radiant altar of Vehumet.
  3534 | D:5      | Found a white marble altar of Elyvilon.
  4185 | D:6      | Reached *** piety under Okawaru
  4186 | D:6      | Reached XP level 8. HP: 51/67 MP: 12/12
  4203 | D:6      | Noticed Sigmund
  4205 | D:6      | Killed Sigmund
  4449 | D:6      | Found Unawnopp's Magic Scroll Emporium.
  4452 | D:6      | Bought a scroll of blinking for 82 gold pieces
  4452 | D:6      | Bought 3 scrolls of identify for 66 gold pieces
  4452 | D:6      | Bought a scroll of identify for 22 gold pieces
  4452 | D:6      | Bought a scroll of identify for 22 gold pieces
  4664 | D:7      | Identified the staff "Meibic" {rF+ Dex+3 Fire}
  4742 | D:7      | Reached XP level 9. HP: 42/73 MP: 14/14
  5103 | D:8      | Found an ornate altar of the Wu Jian Council.
  5204 | D:8      | Noticed a two-headed ogre
  5212 | D:8      | Killed a two-headed ogre
  5212 | D:8      | Reached **** piety under Okawaru
  5458 | D:8      | Reached skill level 5 in Invocations
  6018 | D:9      | Found a staircase to the Lair.
  6033 | D:8      | Reached XP level 10. HP: 78/80 MP: 17/17
  6041 | D:8      | Reached ***** piety under Okawaru
  6052 | D:9      | Reached skill level 5 in Short Blades
  6052 | D:9      | Reached skill level 5 in Long Blades
  6052 | D:9      | Reached skill level 5 in Axes
  6052 | D:9      | Reached skill level 5 in Polearms
  6052 | D:9      | Reached skill level 5 in Staves
  6052 | D:9      | Reached skill level 5 in Ranged Weapons
  6052 | D:9      | Reached skill level 5 in Throwing
  6052 | D:9      | Reached skill level 5 in Armour
  6052 | D:9      | Reached skill level 5 in Stealth
  6052 | D:9      | Reached skill level 5 in Shields
  6052 | D:9      | Reached skill level 5 in Unarmed Combat
  6052 | D:9      | Reached skill level 5 in Spellcasting
  6052 | D:9      | Reached skill level 5 in Evocations
  6308 | D:8      | Identified the +1 pair of gloves of Okawaru's Esteem {rPois
                  | rC+ Will+} (Okawaru gifted it to you on level 8 of the
                  | Dungeon)
  6308 | D:8      | Received a gift from Okawaru
  6733 | D:9      | Noticed a two-headed ogre
  7068 | D:9      | Killed a two-headed ogre
  7174 | D:9      | Found a blossoming altar of Fedhas.
  7269 | D:10     | Entered Level 10 of the Dungeon
  7270 | D:10     | Noticed Erica
  7326 | D:10     | Found a flagged portal.
  7335 | Bailey   | Entered a bailey
  7384 | Bailey   | Noticed an orc knight
  7423 | Bailey   | Killed an orc knight
  7424 | Bailey   | Reached XP level 11. HP: 75/89 MP: 10/19
  7433 | Bailey   | Reached skill level 5 in Conjurations
  7433 | Bailey   | Reached skill level 5 in Hexes
  7433 | Bailey   | Reached skill level 5 in Summonings
  7433 | Bailey   | Reached skill level 5 in Necromancy
  7433 | Bailey   | Reached skill level 5 in Translocations
  7433 | Bailey   | Reached skill level 5 in Transmutations
  7433 | Bailey   | Reached skill level 5 in Fire Magic
  7433 | Bailey   | Reached skill level 5 in Ice Magic
  7433 | Bailey   | Reached skill level 5 in Air Magic
  7433 | Bailey   | Reached skill level 5 in Earth Magic
  7433 | Bailey   | Reached skill level 5 in Poison Magic
  7433 | Bailey   | Reached skill level 5 in Shapeshifting
  7603 | Bailey   | Found a large runed translucent door.
  7603 | Bailey   | Found a large runed translucent door.
  7604 | Bailey   | Noticed a deep elf pyromancer
  7691 | Bailey   | Killed a deep elf pyromancer
  7707 | Bailey   | Identified the +1 leather armour "Wygy" {Will+ Int-5
                  | Stlth+}
  8012 | D:10     | Found a staircase to the Orcish Mines.
  8175 | D:10     | Killed Erica
  8340 | D:10     | Received a gift from Okawaru
  8447 | D:10     | Found a sparkling altar of Nemelex Xobeh.
  8448 | D:10     | Found an opulent altar of Gozag.
  9131 | D:11     | Noticed a manticore
  9146 | D:11     | Killed a manticore
  9194 | D:11     | Received a gift from Okawaru
  9772 | D:12     | Noticed a manticore
  9774 | D:12     | Noticed a cyclops
  9784 | D:12     | Killed a manticore
  9842 | D:12     | Reached XP level 12. HP: 93/96 MP: 22/22
  9880 | D:12     | Found Kuatic's Distillery.
  9887 | D:12     | Bought a potion of enlightenment for 60 gold pieces
  9887 | D:12     | Bought a potion of might for 48 gold pieces
  9887 | D:12     | Bought a potion of might for 48 gold pieces
 10591 | D:13     | Noticed a vault guard
 10625 | D:13     | Killed a vault guard
 10626 | D:13     | Noticed Lodul
 10639 | D:13     | Killed Lodul
 10639 | D:13     | Received a gift from Okawaru
 10647 | D:13     | Reached skill level 10 in Fighting
 10647 | D:13     | Reached skill level 10 in Maces & Flails
 10647 | D:13     | Reached skill level 10 in Dodging
 10656 | D:13     | Noticed a vault guard
 10657 | D:13     | Noticed a vault guard
 10663 | D:13     | Noticed a centaur warrior
 10664 | D:13     | Noticed a vault guard
 10679 | D:13     | Killed a centaur warrior
 10715 | D:13     | Found Ohen's Assorted Antiques.
 10719 | D:13     | Noticed a tengu warrior
 10740 | D:13     | Noticed a vault guard
 10744 | D:13     | Noticed a vault guard
 10806 | D:13     | Noticed a six-headed hydra
 10817 | D:13     | Killed a one-headed hydra
 10833 | D:13     | Found a gate leading to a gauntlet.
 10837 | Gauntlet | Entered a Gauntlet
 10837 | Gauntlet | Found a transporter.
 10847 | Gauntlet | Found a transporter.
 10862 | Gauntlet | Found a transporter.
 10864 | Gauntlet | Found a large runed translucent door.
 10865 | Gauntlet | Found a large runed translucent door.
 10866 | Gauntlet | Found a large runed translucent door.
 10866 | Gauntlet | Found a large runed translucent door.
 10866 | Gauntlet | Found a runed translucent door.
 10867 | Gauntlet | Found a transporter.
 10868 | Gauntlet | Found a runed translucent door.
 10869 | Gauntlet | Found a large runed translucent door.
 10869 | Gauntlet | Found a large runed translucent door.
 10870 | Gauntlet | Found a large runed translucent door.
 10871 | Gauntlet | Found a large runed translucent door.
 10877 | Gauntlet | Found a large runed translucent door.
 10877 | Gauntlet | Found a large runed translucent door.
 10878 | Gauntlet | Found a large runed translucent door.
 10878 | Gauntlet | Found a large runed translucent door.
 10879 | Gauntlet | Found a large runed translucent door.
 10879 | Gauntlet | Found a large runed translucent door.
 10880 | Gauntlet | Found a runed translucent gate.
 10880 | Gauntlet | Found a runed translucent gate.
 10880 | Gauntlet | Found a runed translucent gate.
 10881 | Gauntlet | Noticed a cacodemon
 10882 | Gauntlet | Found a transporter.
 10892 | Gauntlet | Found a large runed translucent door.
 10893 | Gauntlet | Found a large runed translucent door.
 10899 | Gauntlet | Noticed an entropy weaver
 10901 | Gauntlet | Found a transporter.
 10913 | Gauntlet | Found a transporter.
 10925 | Gauntlet | Found a transporter.
 10934 | Gauntlet | Noticed a death scarab
 10937 | Gauntlet | Found a transporter.
 10938 | Gauntlet | Noticed a death scarab
 10943 | Gauntlet | Found a transporter.
 10943 | Gauntlet | Found a transporter.
 10957 | Gauntlet | Noticed a reaper
 10958 | Gauntlet | Found a transporter.
 10975 | Gauntlet | Found a transporter.
 10995 | Gauntlet | Found a transporter.
 11022 | Gauntlet | Found a transporter.
 11022 | Gauntlet | Found a transporter.
 11042 | Gauntlet | Found a transporter.
 11120 | Gauntlet | Found a transporter.
 11297 | Gauntlet | Identified the +8 great sword of the Pariah {vamp, rCorr}
 11364 | Gauntlet | Killed a cacodemon
 11373 | Gauntlet | Identified the ring "Yhyt" {rF+ Int+7}
 11382 | Gauntlet | Noticed a minotaur
 11403 | Gauntlet | Killed a minotaur
 11571 | D:12     | Killed a vault guard
 11602 | D:12     | Killed a vault guard
 11603 | D:12     | Reached XP level 13. HP: 100/104 MP: 23/25
 11683 | Orc:1    | Entered Level 1 of the Orcish Mines
 11790 | Orc:1    | Noticed Urug
 11801 | Orc:1    | Killed Urug
 11978 | Orc:2    | Entered Level 2 of the Orcish Mines
 11994 | Orc:2    | Paralysed by an orc sorcerer for 4 turns
 12066 | Orc:2    | Noticed Saint Roka
 12201 | Orc:1    | Paralysed by an orc sorcerer for 4 turns
 12410 | Lair:1   | Entered Level 1 of the Lair of Beasts
 12735 | Lair:1   | Received a gift from Okawaru
 12785 | Lair:1   | Reached ****** piety under Okawaru
 12785 | Lair:1   | Received a gift from Okawaru
 13794 | Lair:2   | Received a gift from Okawaru
 14316 | Lair:3   | Found a hole to the Spider Nest.
 14334 | Lair:3   | Reached XP level 14. HP: 51/113 MP: 25/27
 14570 | Lair:3   | Reached skill level 10 in Invocations
 14616 | Lair:3   | Found a staircase to the Shoals.
 15755 | Lair:4   | Received a gift from Okawaru
 16260 | Lair:4   | Identified the +1 dagger of the Shore {vamp, *Corrode Fly
                  | rN+ Int+8}
 16567 | Lair:5   | Entered Level 5 of the Lair of Beasts
 16605 | Lair:5   | Received a gift from Okawaru
 16928 | Lair:5   | Reached XP level 15. HP: 115/120 MP: 28/28
 17076 | Lair:5   | Noticed Nessos
 17076 | Lair:5   | Found a frozen archway.
 17116 | Lair:4   | Reached skill level 10 in Short Blades
 17116 | Lair:4   | Reached skill level 10 in Long Blades
 17116 | Lair:4   | Reached skill level 10 in Axes
 17116 | Lair:4   | Reached skill level 10 in Polearms
 17116 | Lair:4   | Reached skill level 10 in Staves
 17116 | Lair:4   | Reached skill level 10 in Ranged Weapons
 17116 | Lair:4   | Reached skill level 10 in Throwing
 17116 | Lair:4   | Reached skill level 10 in Armour
 17116 | Lair:4   | Reached skill level 10 in Stealth
 17116 | Lair:4   | Reached skill level 10 in Shields
 17116 | Lair:4   | Reached skill level 10 in Unarmed Combat
 17116 | Lair:4   | Reached skill level 10 in Spellcasting
 17116 | Lair:4   | Reached skill level 10 in Evocations
 17151 | IceCv    | Entered an ice cave
 17758 | Lair:4   | Killed Nessos
 17793 | Lair:5   | Received a gift from Okawaru
 18140 | Lair:5   | Received a gift from Okawaru
 19035 | Orc:1    | Killed Saint Roka
 19338 | Orc:2    | Found Budin's Book Shoppe.
 19338 | Orc:2    | Noticed a walking crystal tome
 19340 | Orc:2    | Noticed Snorg
 19341 | Orc:2    | Noticed a walking divine tome
 19393 | Orc:1    | Killed Snorg
 19620 | Orc:2    | Found a staircase to the Elven Halls.
 19673 | Orc:2    | Found Qitouc's Weapon Shop.
 20360 | Orc:1    | Identified the scarf "Duwy" {rC+ rF+, Str+2 Stlth+}
                  | (Okawaru gifted it to you on level 1 of the Orcish Mines)
 20360 | Orc:1    | Received a gift from Okawaru
 20543 | Orc:2    | Found Jedodgh's Distillery.
 20570 | Orc:2    | Found Ezegunumu's Assorted Antiques.
 20572 | Orc:2    | Found Xeilinku's Assorted Antiques.
 21036 | D:13     | Found a gate to the Vaults.
 22220 | D:14     | Reached XP level 16. HP: 129/129 MP: 30/30
 23091 | D:14     | Found the +18 shield of the Gong {Loud rN+ Will+ rCorr
                  | EV-5}
 23243 | D:15     | Entered Level 15 of the Dungeon
 24076 | D:15     | Found a staircase to the Depths.
 24080 | D:15     | Received a gift from Okawaru
 24448 | D:15     | Identified the scarf "Xoudwidi" {shadows, rElec Str+2}
                  | (Okawaru gifted it to you on level 15 of the Dungeon)
 24448 | D:15     | Received a gift from Okawaru
 24720 | D:15     | Learned a level 3 spell: Volatile Blastmotes
 25033 | Spider:1 | Entered Level 1 of the Spider Nest
 25085 | Lair:3   | Identified 2 scrolls of acquirement
 25085 | Lair:3   | Acquired a +1 antimagic demon trident
 25090 | Lair:3   | Acquired the +8 demon whip of Ypsuf {venom, Will++ rCorr
                  | MP+9 Dex-3}
 25375 | Lair:3   | HP: 1/125 [redback simulacrum (9)]
 26034 | Lair:3   | HP: 6/129 [poisoned by a redback]
 26039 | Lair:3   | HP: 5/129 [poisoned by a redback]
 26268 | Lair:3   | Mangled by a radroach

Illustrated notes

Levels and vault maps discovered:
D:1:      dpeg_cavernosity, layout_basic
D:2:      layout_rooms, ebering_ecumenical_altar_hall
D:3:      kb_forest_paths, layout_basic, serial_shops, nicolae_shop_rolled_up
D:4:      layout_cave_pools, pf_just_have_faith, jmf_multi_god_temple2,
          temple_statues
D:5:      layout_rooms, gammafunk_temple_overflow_claw
D:6:      layout_loops_cross, serial_shops, nicolae_shop_rolled_up,
          serial_bayou_lagoon_a, uniq_sigmund
D:7:      layout_rooms
D:8:      layout_loops_corners, pdpol_wu_jian_five_deadly_venoms
D:9:      layout_cave_pools, kennysheep_mini_moat, due_lair_maze_entry_diamond
D:10:     layout_long_grid, grunt_temple_overflow_opulence,
          minmay_orc_entry_temple_small, enter_bailey_8,
          kennysheep_generic_room_5, uniq_erica
D:11:     layout_basic
D:12:     layout_loops_ring, serial_shops, nicolae_square_shop, st_stairs_4
D:13:     layout_long_grid, erik_vaults_2, serial_shops, shop,
          gauntlet_entry_generic, minmay_misc_feat_ornament, uniq_lodul
D:14:     layout_basic, nicolae_concentric_dashed_squares_wild,
          hellmonk_guarded_unrand_gong
D:15:     hangedman_depths_entry_try_elsewhere_first, layout_cave_pods
Temple:   nicolae_temple_x_marks_the_god
Lair:1:   hellmonk_ruined_rings, layout_cave_pods
Lair:2:   layout_regular_city, hibernation_bobbens
Lair:3:   nzn_winding_woodlands_stair_cross [nzn_winding_woodlands_5x15_pockets,
          nzn_winding_woodlands_center_triple_pond,
          nzn_winding_woodlands_5x15_longhouse, nzn_winding_woodlands_5x5_three,
          nzn_winding_woodlands_5x5_closed_star,
          nzn_winding_woodlands_5x15_jagged,
          nzn_winding_woodlands_center_diamonds,
          nzn_winding_woodlands_5x15_lazy_stream], layout_cave_pods,
          minmay_shoals_entry_beasts, nicolae_spider_entry_lesser_pyramids,
          st_stairs_13
Lair:4:   layout_roguey, st_stairs_4, lemuel_fruit_tree
Lair:5:   gammafunk_lair_ancient_temple, layout_gridlike,
          minmay_slime_entry_oklob_open, portal_ice_cave_entry_imps,
          serial_bayou_ford_a, uniq_nessos
Spider:1: layout_spider_delve, nicolae_spider_bzzzt
Orc:1:    nicolae_orc_accident_1, layout_caves, serial_shops,
          nicolae_shop_temple_entry_statues_fountains, uniq_urug
Orc:2:    st_orc_elflike, layout_diamond_mine, serial_shops,
          nicolae_shop_mannequins, uniq_saint_roka, uniq_snorg

Skill      XL: |  1  2  3  4  5  6  7  8  9 10 11 12 13 14 15 16 |
---------------+-------------------------------------------------+-----
Invocations    | 1 2 3 4 5 6 7 8 9 10 11 12 | 12.3
Short Blades   | 1 2 3 4 5 6 8 9 10 11 | 11.3
Long Blades    | 1 2 3 4 5 6 8 9 10 11 | 11.3
Axes           | 1 2 3 4 5 6 8 9 10 11 | 11.3
Polearms       | 1 2 3 4 5 6 8 9 10 11 | 11.3
Staves         | 1 2 3 4 5 6 8 9 10 11 | 11.3
Ranged Weapons | 1 2 3 4 5 6 8 9 10 11 | 11.3
Throwing       | 1 2 3 4 5 6 8 9 10 11 | 11.3
Armour         | 1 2 3 4 5 6 8 9 10 11 | 11.3
Stealth        | 1 2 3 4 5 6 8 9 10 11 | 11.3
Shields        | 1 2 3 4 5 6 8 9 10 11 | 11.3
Unarmed Combat | 1 2 3 4 5 6 8 9 10 11 | 11.3
Spellcasting   | 1 2 3 4 5 6 8 9 10 11 | 11.3
Evocations     | 1 2 3 4 5 6 8 9 10 11 | 11.3
Conjurations   | 1 2 3 4 5 6 7 8 9 |  9.5
Hexes          | 1 2 3 4 5 6 7 8 9 |  9.5
Summonings     | 1 2 3 4 5 6 7 8 9 |  9.5
Necromancy     | 1 2 3 4 5 6 7 8 9 |  9.5
Translocations | 1 2 3 4 5 6 7 8 9 |  9.5
Transmutations | 1 2 3 4 5 6 7 8 9 |  9.5
Fire Magic     | 1 2 3 4 5 6 7 8 9 |  9.5
Ice Magic      | 1 2 3 4 5 6 7 8 9 |  9.5
Air Magic      | 1 2 3 4 5 6 7 8 9 |  9.5
Earth Magic    | 1 2 3 4 5 6 7 8 9 |  9.5
Poison Magic   | 1 2 3 4 5 6 7 8 9 |  9.5
Shapeshifting  | 1 2 3 4 5 6 7 8 9 |  9.5
Fighting       | 7 8 9 10 11 12 13 | 13.0
Maces & Flails | 7 8 9 10 11 12 13 | 13.0
Dodging        | 7 8 9 10 11 12 13 | 13.0

Action                     |  1- 3 |  4- 6 |  7- 9 | 10-12 | 13-15 | 16-18 || total
---------------------------+-------+-------+-------+-------+-------+-------++-------
  Melee: Mace              |    54 |       |       |       |       |       ||    54
         Bite              |     8 |    24 |    67 |   133 |   322 |   125 ||   679
         Whip              |    16 |   214 |   322 |   270 |       |       ||   822
         Quarterstaff      |       |       |       |   342 |       |       ||   342
         Broad axe         |       |       |       |    71 |       |       ||    71
         Punch             |       |       |       |     9 |    31 |       ||    40
         Great sword       |       |       |       |    36 |   878 |       ||   914
         Hand axe          |       |       |       |     8 |    46 |    28 ||    82
         Rapier            |       |       |       |       |   893 |   372 ||  1265
         Demon whip        |       |       |       |       |       |   223 ||   223
   Cast: Mephitic Cloud    |       |       |       |    13 |       |     2 ||    15
         Volatile Blastmot |       |       |       |       |       |     6 ||     6
 Invoke: Heroism           |       |     1 |       |     8 |    16 |     2 ||    27
         Finesse           |       |       |       |     1 |       |       ||     1
Ability: Evoke Invisibilit |       |       |       |       |       |     3 ||     3
  Evoke: Wand              |       |       |     6 |     5 |     5 |     4 ||    20
    Use: Scroll            |       |     1 |    18 |    11 |     9 |     7 ||    46
         Potion            |       |       |       |     4 |     6 |     1 ||    11
   Stab: Confused          |       |       |       |     9 |       |     2 ||    11
         Sleeping          |       |       |       |     8 |    22 |     3 ||    33
         Distracted        |       |       |       |     5 |       |       ||     5
         Invisible         |       |       |       |     3 |     5 |     9 ||    17
         Paralysed         |       |       |       |       |     1 |     1 ||     2
 Armour: Robe              |     6 |       |       |       |       |       ||     6
         Ring mail         |    21 |    57 |    56 |       |       |       ||   134
         Steam dragon scal |       |       |    31 |   228 |   191 |       ||   450
         Scale mail        |       |       |       |       |   151 |   208 ||   359
         Chain mail        |       |       |       |       |   282 |     1 ||   283
  Dodge: Dodged            |    81 |   120 |   178 |   800 |  2048 |   614 ||  3841
  Block: Buckler           |       |       |       |       |       |   196 ||   196

Table legend: (Time is in decaauts)
 A = Elapsed time spent in this place.
 B = Non-inter-level travel time spent in this place.
 C = Inter-level travel time spent in this place.
 D = Time resting spent in this place.
 E = Time spent auto-exploring this place.
 F = Levels seen in this place.
 G = Mean time per level.
                   A        B        C        D        E       F      G
               +--------+--------+--------+--------+--------+-----+--------+
         Total |  25779 |  23937 |   1842 |   2207 |  14457 |  27 |  954.8 |
       Dungeon |  14859 |  13546 |   1313 |    903 |   9223 |  15 |  990.6 |
        Temple |     14 |      7 |      7 |      0 |      0 |   1 |   14.0 |
          Lair |   7138 |   6737 |    401 |    882 |   3764 |   5 | 1427.6 |
   Spider Nest |    300 |    300 |      0 |      3 |     79 |   1 |  300.0 |
  Orcish Mines |   1977 |   1858 |    119 |    333 |    767 |   2 |  988.5 |
        Bailey |    420 |    420 |      0 |      0 |    252 |   1 |  420.0 |
      Ice Cave |    453 |    453 |      0 |     86 |     33 |   1 |  453.0 |
      Gauntlet |    615 |    615 |      0 |      0 |    338 |   1 |  615.0 |
               +--------+--------+--------+--------+--------+-----+--------+

Top non-repeatable levels by time:
  Lair:3: 2418 daAuts
  Lair:5: 1582 daAuts
     D:8: 1493 daAuts
    D:14: 1414 daAuts
    D:15: 1399 daAuts
    D:13: 1390 daAuts
    D:10: 1354 daAuts
     D:1: 1184 daAuts
  Lair:1: 1180 daAuts
    D:12: 1112 daAuts
    D:11: 1081 daAuts
  Lair:4: 1076 daAuts
   Orc:1: 1003 daAuts
   Orc:2: 974 daAuts
  Lair:2: 881 daAuts
